PCL
SACRAMENTO RIVER CATS @ OKLAHOMA CITY DODGERS
07/31/2098
 
TOP OF THE 1ST
Sacramento River Cats batting - Pitching for Oklahoma City Dodgers : LHP Mike Kosloski
Pitching: LHP Mike Kosloski
Batting: LHB Andy VanAsselberg 0-0: Swinging Strike
0-1: Foul Ball, location: 3FF
0-2: Foul Ball, location: 7LDF
0-2: Ball
1-2: Strikes out swinging
Batting: RHB Kenny Giancola 0-0: Called Strike
0-1: Swinging Strike
0-2: Ball
1-2: Strikes out swinging, 2-3 out at first.
Batting: RHB Luis Juarez 0-0: Ball
1-0: Ball
2-0: Called Strike
2-1: Foul Ball, location: 3DF
2-2: Ball
3-2: DOUBLE (Flyball, 89XD, EV 94.4 MPH)
Batting: RHB Chris Strong 0-0: Called Strike
0-1: SINGLE (Line Drive, 8LS, EV 100.0 MPH)
Luis Juarez to third
Runner from 3rd tries for Home, SAFE, throw by CF to home
Batting: RHB Luis Jaramillo 0-0: Ball
1-0: Fielders Choice at 2nd, 6-4 (Groundball, 6, EV 103.8 MPH)
Top of the 1st over - 1 run, 2 hits, 0 errors, 1 left on base; Sacramento 1 - Oklahoma City 0
BOTTOM OF THE 1ST
Oklahoma City Dodgers batting - Pitching for Sacramento River Cats : RHP Steve Deemer
Pitching: RHP Steve Deemer
Batting: LHB Alex Heaberlin 0-0: Ball
1-0: Foul Ball, location: 9LMF
1-1: Called Strike
1-2: Ball
2-2: Ball
3-2: Foul Ball, location: 5FF
3-2: Foul Ball, location: 7LSF
3-2: Fly out, F8 (Line Drive, 78D, EV 106.3 MPH)
Batting: SHB Raul Gonzalez 0-0: Called Strike
0-1: Called Strike
0-2: Ball
1-2: Ball
2-2: Foul Ball, location: 3F
2-2: Ground out 4-3 (Groundball, 4S, EV 73.1 MPH)
Batting: LHB Rob Gutierrez 0-0: Ball
1-0: Foul Ball, location: 7LSF
1-1: Ball
2-1: Swinging Strike
2-2: Ball
3-2: Foul Ball, location: 23F
3-2: Fly out, F7 (Flyball, 7S, EV 76.9 MPH)
Bottom of the 1st over - 0 runs, 0 hits, 0 errors, 0 left on base; Sacramento 1 - Oklahoma City 0
TOP OF THE 2ND
Sacramento River Cats batting - Pitching for Oklahoma City Dodgers : LHP Mike Kosloski
Batting: LHB Steve Ferguson 0-0: Called Strike
0-1: Ball
1-1: Swinging Strike
1-2: Ball
2-2: Strikes out looking
Batting: RHB Miles Carr 0-0: Ball
1-0: Called Strike
1-1: Swinging Strike
1-2: Foul Ball, location: 9LMF
1-2: Ball
2-2: Foul Ball, location: 5FF
2-2: Foul Ball, location: 2F
2-2: Ball
3-2: Ground out 6-3 (Groundball, 6, EV 96.9 MPH)
Batting: SHB Jody Tomko 0-0: Ball
1-0: Fly out, F7 (Flyball, 78M, EV 87.5 MPH)
Top of the 2nd over - 0 runs, 0 hits, 0 errors, 0 left on base; Sacramento 1 - Oklahoma City 0
BOTTOM OF THE 2ND
Oklahoma City Dodgers batting - Pitching for Sacramento River Cats : RHP Steve Deemer
Batting: SHB Ian Barrett 0-0: Foul Ball, location: 2F
0-1: Swinging Strike
0-2: Foul Ball, location: 9LMFF
0-2: Foul Ball, location: 25F
0-2: Foul Ball, location: 7LSF
0-2: SINGLE (Line Drive, 9S, EV 103.1 MPH)
Batting: RHB Noah Sanders 0-0: Ball
1-0: DOUBLE (Line Drive, 9LS, EV 101.3 MPH)
Ian Barrett to third
Batting: SHB Montel Ruspoli 0-0: Called Strike
0-1: Ball
1-1: Fly out, F7 (Flyball, 7LM, EV 75.0 MPH)
Runner from 3rd tags up, SCORES, throw by LF
Batting: LHB Mike Jessie 0-0: Ball
1-0: Fly out, F7 (Flyball, 78D, EV 95.0 MPH)
Batting: RHB Chris Rodriguez 0-0: Called Strike
0-1: Called Strike
0-2: Ball
1-2: Strikes out swinging
Bottom of the 2nd over - 1 run, 2 hits, 0 errors, 1 left on base; Sacramento 1 - Oklahoma City 1
TOP OF THE 3RD
Sacramento River Cats batting - Pitching for Oklahoma City Dodgers : LHP Mike Kosloski
Pitching: RHP Joe Rieder
Batting: RHB Jeff Cox 0-0: Foul Ball, location: 9LSF
0-1: Foul Ball, location: 9LSF
0-2: Strikes out swinging
Batting: LHB Andy VanAsselberg 0-0: Ground out 5-3 (Groundball, 25, EV 80.0 MPH)
Batting: RHB Kenny Giancola 0-0: Ball
1-0: Ball
2-0: Ball
3-0: Called Strike
3-1: Called Strike
3-2: DOUBLE (Line Drive, 5D, EV 99.4 MPH)
Batting: RHB Luis Juarez 0-0: Ball
1-0: Foul Ball, location: 9LSF
1-1: Swinging Strike
1-2: Ball
2-2: Strikes out swinging, 2-3 out at first.
Top of the 3rd over - 0 runs, 1 hit, 0 errors, 1 left on base; Sacramento 1 - Oklahoma City 1
BOTTOM OF THE 3RD
Oklahoma City Dodgers batting - Pitching for Sacramento River Cats : RHP Steve Deemer
Batting: RHB Pete Chivers 0-0: Ball
1-0: Called Strike
1-1: Foul Ball, location: 2F
1-2: Foul Ball, location: 7LSF
1-2: Strikes out swinging
Batting: LHB Alex Heaberlin 0-0: Called Strike
0-1: Fly out, F6 (Popup, 6, EV 53.1 MPH)
Batting: SHB Raul Gonzalez 0-0: Foul Ball, location: 9LSFF
0-1: Called Strike
0-2: Ground out U3 (Groundball, 3, EV 110.0 MPH)
Bottom of the 3rd over - 0 runs, 0 hits, 0 errors, 0 left on base; Sacramento 1 - Oklahoma City 1
TOP OF THE 4TH
Sacramento River Cats batting - Pitching for Oklahoma City Dodgers : RHP Joe Rieder
Batting: RHB Chris Strong 0-0: Ball
1-0: SOLO HOME RUN (Flyball, 7D, EV 104.4 MPH), Distance : 374 ft
Pitching: RHP Adrian Anderson
Batting: RHB Luis Jaramillo 0-0: Ball
1-0: Ball
2-0: Foul Ball, location: 3F
2-1: Swinging Strike
2-2: Foul Ball, location: 5F
2-2: Ball
3-2: Base on Balls
Batting: LHB Steve Ferguson 0-0: Bunt missed!
0-1: Ball
1-1: Sac Bunt to 15S - play at first, batter OUT! 1-3
Luis Jaramillo to second
Batting: RHB Miles Carr 0-0: Swinging Strike
0-1: Called Strike
0-2: Ball
1-2: Strikes out swinging
Batting: SHB Jody Tomko 0-0: Foul Ball, location: 2F
0-1: Swinging Strike
0-2: Foul Ball, location: 9LMF
0-2: Ball
1-2: Ball
2-2: Strikes out looking
Top of the 4th over - 1 run, 1 hit, 0 errors, 1 left on base; Sacramento 2 - Oklahoma City 1
BOTTOM OF THE 4TH
Oklahoma City Dodgers batting - Pitching for Sacramento River Cats : RHP Steve Deemer
Batting: LHB Rob Gutierrez 0-0: Called Strike
0-1: Foul Ball, location: 3SF
0-2: Strikes out looking
Batting: SHB Ian Barrett 0-0: Foul Ball, location: 2F
0-1: Fly out, F8 (Flyball, 8RS, EV 96.3 MPH)
Batting: RHB Noah Sanders 0-0: Called Strike
0-1: Foul Ball, location: 5FF
0-2: Foul Ball, location: 2F
0-2: Strikes out swinging
Bottom of the 4th over - 0 runs, 0 hits, 0 errors, 0 left on base; Sacramento 2 - Oklahoma City 1
TOP OF THE 5TH
Sacramento River Cats batting - Pitching for Oklahoma City Dodgers : RHP Adrian Anderson
Batting: RHB Jeff Cox 0-0: Called Strike
0-1: Ball
1-1: Called Strike
1-2: Ball
2-2: Ball
3-2: Strikes out swinging
Batting: LHB Andy VanAsselberg 0-0: Foul Ball, location: 7LDF
0-1: Ball
1-1: Hit by Pitch
Batting: RHB Kenny Giancola 0-0: Swinging Strike
0-1: Ball
1-1: Swinging Strike
1-2: SINGLE (Groundball, 34D, EV 95.0 MPH)
Andy VanAsselberg to second
Runner from 2nd tries for 3rd, SAFE, throw by RF made to third
Batting: RHB Luis Juarez 0-0: Ball
1-0: Called Strike
1-1: Ball
2-1: Fielders Choice at 2nd, 1-6 (Groundball, 34S, EV 70.6 MPH)
Batting: RHB Chris Strong 0-0: Foul Ball, location: 7LMF
0-1: Foul Ball, location: 23F
0-2: Ball
1-2: Fly out, F7 (Flyball, 78M, EV 92.5 MPH)
Top of the 5th over - 0 runs, 1 hit, 0 errors, 2 left on base; Sacramento 2 - Oklahoma City 1
BOTTOM OF THE 5TH
Oklahoma City Dodgers batting - Pitching for Sacramento River Cats : RHP Steve Deemer
Batting: SHB Montel Ruspoli 0-0: Ball
1-0: Foul Ball, location: 25F
1-1: Swinging Strike
1-2: Strikes out swinging
Pitching: RHP Chris Shaver
Batting: LHB Mike Jessie 0-0: Ball
1-0: Ground out U3 (Groundball, 34D, EV 64.4 MPH)
Batting: RHB Chris Rodriguez 0-0: Foul Ball, location: 2F
0-1: Ball
1-1: Ball
2-1: Foul Ball, location: 7LMF
2-2: Ground out 5-3 (Groundball, 5S, EV 91.3 MPH)
Bottom of the 5th over - 0 runs, 0 hits, 0 errors, 0 left on base; Sacramento 2 - Oklahoma City 1
TOP OF THE 6TH
Sacramento River Cats batting - Pitching for Oklahoma City Dodgers : RHP Adrian Anderson
Batting: RHB Luis Jaramillo 0-0: Called Strike
0-1: Called Strike
0-2: Ball
1-2: Strikes out looking
Batting: LHB Steve Ferguson 0-0: Called Strike
0-1: Ball
1-1: Foul Ball, location: 23F
1-2: Foul Ball, location: 7LDF
1-2: Foul Ball, location: 2F
1-2: SINGLE (Line Drive, 8LS, EV 101.9 MPH)
Pitching: RHP Kareem Newport
Batting: RHB Miles Carr 0-0: Ball
1-0: Foul Ball, location: 5F
1-1: Ball
2-1: Ball
3-1: Called Strike
3-2: SINGLE (Flyball, 5D, EV 93.1 MPH)
Steve Ferguson to second
Batting: SHB Jody Tomko 0-0: Fly out, F7 (Flyball, 7LS, EV 89.4 MPH)
Batting: RHB Jeff Cox 0-0: Ball
1-0: Called Strike
1-1: Fly out, F9 (Flyball, 9LS, EV 91.9 MPH)
Top of the 6th over - 0 runs, 2 hits, 0 errors, 2 left on base; Sacramento 2 - Oklahoma City 1
BOTTOM OF THE 6TH
Oklahoma City Dodgers batting - Pitching for Sacramento River Cats : RHP Chris Shaver
Batting: RHB Pete Chivers 0-0: Called Strike
0-1: Ball
1-1: Foul Ball, location: 23F
1-2: Ball
2-2: Strikes out swinging
Batting: LHB Alex Heaberlin 0-0: Called Strike
0-1: Ball
1-1: Swinging Strike
1-2: Ball
2-2: Foul Ball, location: 23FF
2-2: Ground out 6-3 (Groundball, 56, EV 103.1 MPH)
Batting: SHB Raul Gonzalez 0-0: Ball
1-0: Foul Ball, location: 5F
1-1: Ground out U3 (Groundball, 3L, EV 84.4 MPH)
Bottom of the 6th over - 0 runs, 0 hits, 0 errors, 0 left on base; Sacramento 2 - Oklahoma City 1
TOP OF THE 7TH
Sacramento River Cats batting - Pitching for Oklahoma City Dodgers : RHP Kareem Newport
Batting: LHB Andy VanAsselberg 0-0: Swinging Strike
0-1: Ball
1-1: Called Strike
1-2: Fly out, F8 (Flyball, 89D, EV 103.1 MPH)
Batting: RHB Kenny Giancola 0-0: Swinging Strike
0-1: Foul Ball, location: 2F
0-2: Ball
1-2: Ball
2-2: Strikes out swinging
Batting: RHB Luis Juarez 0-0: Ball
1-0: Called Strike
1-1: Swinging Strike
1-2: Strikes out swinging
Top of the 7th over - 0 runs, 0 hits, 0 errors, 0 left on base; Sacramento 2 - Oklahoma City 1
BOTTOM OF THE 7TH
Oklahoma City Dodgers batting - Pitching for Sacramento River Cats : RHP Chris Shaver
Now in RF: Rich Jordan
Batting: LHB Rob Gutierrez 0-0: Fly out, F8 (Flyball, 89D, EV 106.9 MPH)
Batting: SHB Ian Barrett 0-0: Called Strike
0-1: Foul Ball, location: 25F
0-2: SINGLE (Line Drive, 8LS, EV 88.8 MPH)
Pinch Hitting: LHB Marvin Silva 0-0: Swinging Strike
0-1: Called Strike
0-2: Strikes out swinging
Batting: SHB Montel Ruspoli 0-0: Ball
1-0: 2-RUN HOME RUN (Flyball, 89XD, EV 99.4 MPH), Distance : 389 ft
Batting: LHB Mike Jessie 0-0: Called Strike
0-1: Ball
1-1: Called Strike
1-2: Ball
2-2: Strikes out swinging
Bottom of the 7th over - 2 runs, 2 hits, 0 errors, 0 left on base; Sacramento 2 - Oklahoma City 3
TOP OF THE 8TH
Sacramento River Cats batting - Pitching for Oklahoma City Dodgers : RHP Kareem Newport
Pitching: RHP Josh Salvino
Now at 1B: Tyler Rivas
Now at 3B: Alex Cabrera
Batting: RHB Chris Strong 0-0: Swinging Strike
0-1: Ball
1-1: Ball
2-1: Ball
3-1: Called Strike
3-2: Strikes out swinging
Pinch Hitting: LHB Sergio Almanza 0-0: Ball
1-0: Foul Ball, location: 2F
1-1: Ball
2-1: Ground out 5-3 (Groundball, 56, EV 99.4 MPH)
Batting: LHB Steve Ferguson 0-0: Called Strike
0-1: Fly out, F7 (Flyball, 78S, EV 93.1 MPH)
Top of the 8th over - 0 runs, 0 hits, 0 errors, 0 left on base; Sacramento 2 - Oklahoma City 3
BOTTOM OF THE 8TH
Oklahoma City Dodgers batting - Pitching for Sacramento River Cats : RHP Chris Shaver
Pitching: LHP Nick Webb
Now at 1B: Kenny Giancola
Now at 2B: Antonio Corral
Batting: RHB Chris Rodriguez 0-0: Ball
1-0: Ball
2-0: Foul Ball, location: 2F
2-1: Swinging Strike
2-2: Strikes out swinging
Batting: RHB Pete Chivers 0-0: Called Strike
0-1: Ball
1-1: Ball
2-1: Ground out 5-3 (Groundball, 56S, EV 63.8 MPH)
Batting: RHB Matt Rudd 0-0: SINGLE (Line Drive, 7LS, EV 86.9 MPH)
Batting: SHB Raul Gonzalez 0-0: Ball
1-0: Foul Ball, location: 5F
1-1: Swinging Strike
1-2: Foul Ball, location: 5FF
1-2: Fly out, F8 (Flyball, 8LS, EV 98.1 MPH)
Bottom of the 8th over - 0 runs, 1 hit, 0 errors, 1 left on base; Sacramento 2 - Oklahoma City 3
TOP OF THE 9TH
Sacramento River Cats batting - Pitching for Oklahoma City Dodgers : RHP Josh Salvino
Batting: RHB Miles Carr 0-0: Ball
1-0: Ground out 6-3 (Groundball, 6, EV 78.1 MPH)
Pinch Hitting: LHB Raul Arellano 0-0: Ball
1-0: SINGLE (Line Drive, 6D, EV 107.5 MPH)
Batting: RHB Jeff Cox 0-0: Ball
1-0: Swinging Strike
1-1: Foul Ball, location: 9LMF
1-2: Foul Ball, location: 2F
1-2: Strikes out swinging
Batting: LHB Andy VanAsselberg 0-0: Ball
1-0: Foul Ball, location: 3F
1-1: 2-RUN HOME RUN (Flyball, 7D, EV 94.4 MPH), Distance : 360 ft
Batting: RHB Kenny Giancola 0-0: Ball
1-0: Ball
2-0: Foul Ball, location: 9LSFF
2-1: Ball
3-1: Ground out 4-3 (Groundball, 34D, EV 102.5 MPH)
Top of the 9th over - 2 runs, 2 hits, 0 errors, 0 left on base; Sacramento 4 - Oklahoma City 3
BOTTOM OF THE 9TH
Oklahoma City Dodgers batting - Pitching for Sacramento River Cats : LHP Nick Webb
Now at 3B: Raul Arellano
Now at SS: Josh Naguib
Pinch Hitting: RHB Martin Prado 0-0: Called Strike
0-1: Foul Ball, location: 2F
0-2: Strikes out looking
Batting: RHB Alex Cabrera 0-0: Ball
1-0: Swinging Strike
1-1: Ball
2-1: SOLO HOME RUN (Flyball, 9D, EV 95.6 MPH), Distance : 360 ft
Batting: RHB Tyler Rivas 0-0: Ball
1-0: Foul Ball, location: 5DF
1-1: Foul Ball, location: 2F
1-2: Strikes out swinging
Pinch Hitting: RHB Ben Mussey 0-0: Called Strike
0-1: DOUBLE (Flyball, 8RXD, EV 93.8 MPH)
Pinch Hitting: RHB Mike Wuebben 0-0: Intentional Walk
Batting: RHB Chris Rodriguez 0-0: Foul Ball, location: 5F
0-1: SINGLE (Line Drive, 34, EV 96.3 MPH)
Ben Mussey to third
Mike Wuebben to second
Runner from 3rd tries for Home, SAFE, throw by RF to home
Bottom of the 9th over - 2 runs, 3 hits, 0 errors, 2 left on base; Sacramento 4 - Oklahoma City 5
Thursday, April 11th , 2024 - OOTP Baseball 24.11 Build 85